 Dungeon Crawl Stone Soup version 0.29.1-debian-1-gc3f1650bb9 (webtiles) character file.

Game seed: 7973986638238127280

887 tilp the Grave Robber (level 7, -5/45 (54) HPs)
             Began as a Mummy Necromancer on Sept 12, 2022.
             Slain by an ogre
             ... wielding a +0 giant spiked club
              (24 damage)
             ... on level 5 of the Dungeon.
             The game lasted 00:11:07 (6605 turns).

tilp the Grave Robber (Mummy Necromancer)           Turns: 6605, Time: 00:11:07

HP:   -5/45 (54)    AC:  3    Str: 11    XL:     7   Next: 77%
MP:   2/13          EV: 16    Int: 16    God:
Gold: 245           SH:  5    Dex: 13    Spells: 6/14 levels left

rFire   . . .      SeeInvis .   a - +0 sling
rCold   + . .      Faith    +   (no shield)
rNeg    + + +      Spirit   .   d - +0 robe
rPois   ∞          Reflect  +   (no helmet)
rElec   .          Harm     .   v - scarf {+Inv}
rCorr   .          Rampage  .   s - +0 pair of gloves
Will    .....                   (no boots)
Stlth   ++........              t - amulet of reflection
HPRegen 0.15/turn               h - +4 ring of evasion
MPRegen 0.13/turn               q - ring of protection from fire

@: heavily drained
A: cold resistance 1, negative energy resistance 3, torment resistance 2, heat
vulnerability 1, in touch with death 1, no potions, faith
a: Evoke Invisibility


You were on level 5 of the Dungeon.
You visited 1 branch of the dungeon, and saw 5 of its levels.
You also visited: Sewer.

You collected 245 gold pieces.

Inventory:

Hand Weapons
 a - a +0 sling (weapon)
 b - a +4 mace
 c - a +0 morningstar
 j - a +1 short sword of venom
Missiles
 e - 25 poisoned darts
 f - 56 stones
 g - 6 boomerangs
Armour
 d - a +0 robe (worn)
 s - a +0 pair of gloves (worn)
 v - a scarf of invisibility (worn)
 x - the +1 robe of the Storm King {rCorr Str+6 Int-4 Stlth-}
   (You found it on level 5 of the Dungeon)

   Str:       It affects your strength (+6).
   Int:       It affects your intelligence (-4).
   rCorr:     It protects you from acid and corrosion.
   Stlth:     It makes you less stealthy.
Jewellery
 h - a +4 ring of evasion (left hand)
 i - a ring of wizardry
 o - a ring of resist corrosion
 q - a ring of protection from fire (right hand)
 t - an amulet of reflection (around neck)
Scrolls
 k - 6 scrolls of enchant weapon
 l - 2 scrolls of amnesia
 m - a scroll of magic mapping
 n - a scroll of enchant armour {unknown}
 p - a scroll of immolation
 u - a scroll of noise {unknown}
 w - a scroll of identify


   Skills:
 * Level 4.1 Fighting
 + Level 2.7 Dodging
 + Level 3.1 Stealth
 + Level 4.2 Spellcasting
 * Level 7.0 Necromancy


You had 6 spell levels left.
You knew the following spells:

 Your Spells              Type           Power      Damage    Failure   Level
a - Necrotise             Necr           100%       1d9       1%          1
b - Vampiric Draining     Necr           39%        2d8       2%          3
c - Animate Dead          Necr           39%        N/A       9%          4

Your spell library contained the following spells:

 Spells                   Type           Power      Damage    Failure   Level
 Agony                    Necr           39%        N/A       26%         5
 Inner Flame              Hex/Fire       3%         N/A       45%         3
 Cause Fear               Hex            1%         N/A       86%         4
 Petrify                  Tmut/Erth      3%         N/A       86%         4
 Irradiate                Conj/Tmut      1%         3d12      99%         5
 Discord                  Hex            1%         N/A       100%        8
 Sublimation of Blood     Necr           Unusable   N/A       N/A         2

Dungeon Overview and Level Annotations

Branches:
Dungeon (5/15)              Sewer (visited)
 Temple: D:4-7

Altars:
Nemelex Xobeh

Annotations:
D:4 1 transporter


Innate Abilities, Weirdness & Mutations

You are immune to poison.
Your flesh is cold resistant. (rC+)
You are immune to negative energy. (rN+++)
You are immune to unholy pain and torment.
You are vulnerable to heat. (rF-)
You are in touch with the powers of death.
You do not drink.
You have a special connection with the divine. (Faith)


Message History

The adder closely misses you. The adder attacks as you move away!
The adder bites you.
* * * LOW HITPOINT WARNING * * *
The adder attacks as you move away! The adder misses you.
The adder attacks as you move away! The adder closely misses you.
You block the adder's attack.
Casting: Vampiric Draining (dangerous; 2% risk of failure)
Confirm with . or Enter, or press ? or * to list all spells.
Aiming: Necrotise (safe; 1% risk of failure)
Press: ? - help, Shift-Dir - straight line, f/p - adder
Aim: an adder (moderately wounded, chance to affect: 88%)
You feel a surge of power!
The adder writhes in agony!
The adder completely misses you.
Unknown command.
Casting: Necrotise (safe; 1% risk of failure)
Confirm with . or Enter, or press ? or * to list all spells.
Aiming: Necrotise (safe; 1% risk of failure)
Press: ? - help, Shift-Dir - straight line, f/p - adder
Aim: an adder (almost dead, chance to affect: 88%)
You feel a surge of power!
The adder writhes in agony.
You kill the adder!
The dead are slithering!
Unknown command.
Your adder skeleton bites the scorpion but does no damage.
The iguana bites your adder skeleton. The iguana bites your adder skeleton.
You aren't carrying any items that you can evoke.
Unknown command.
As you read the scroll labelled DIC PIFECIPOSCH, it crumbles to dust.
The creatures around you are filled with an inner flame!
It was a scroll of immolation.
The ogre completely misses you.
Unknown command.
The air fills with toxic fumes!
As you read the scroll of poison, it crumbles to dust.
Unknown command.
The troll is engulfed in poison gas.
The troll is poisoned.
The ogre attacks as you move away!
The ogre hits you with a +0 giant spiked club!!
Ouch! That really hurt!
You die...

#..........##.## #.# #.#
#.###. #.###.########.# #.#
#.# #..... ##.## #.# #.# #.#
##.### ##.######.#
#.####.####.# # #.....##.#
#.....Zl....### ##)###.##.#
#.s##...##..... . ##.## #.#
#..##...##..... #.###.##
#§####§§##...##..... #!...##
##§§@Os.§#######..... #.##.#
#§§§####§# #.#### #.##.##
#§§....#.# #.#
#.#...#####.#§..##.#.#######.#
#...........######.#........[#
###...####### #.###.#######
##.## #.# #.# #.# #># #.# #.#
#.# #.#


You could see an ogre (inner flame) and a scorpion.

Vanquished Creatures
  An ogre (D:5)
  A kobold brigand (Sewer)
  2 necrophages (D:5)
  2 scorpions
  A howler monkey (D:5)
  3 hounds (D:5)
  A quasit (D:5)
  An orc priest (D:1)
  An iguana (D:5)
  4 gnolls (D:3)
  A river rat (Sewer)
  8 adders
  5 shadow imps (D:5)
  3 ufetubi
  A worm (D:2)
  2 dart slugs
  9 orcs
  3 bats
  8 endoplasms
  7 giant cockroaches
  4 goblins
  5 hobgoblins (D:1)
  6 jackals
  4 quokkas
  7 ball pythons
  14 kobolds
  3 rats
107 creatures vanquished.

Vanquished Creatures (collateral kills)
  An orc (D:2)
  2 endoplasms
  2 goblins
  2 rats
7 creatures vanquished.

Vanquished Creatures (others)
  3 demonic plants (D:5)
3 creatures vanquished.

Grand Total: 117 creatures vanquished

Notes
Turn   | Place    | Note
-------+----------+-------------------------------------------
     0 | D:1      | tilp the Mummy Necromancer began the quest for the Orb.
     0 | D:1      | Reached XP level 1. HP: 13/13 MP: 4/4
   426 | D:1      | Reached XP level 2. HP: 20/20 MP: 5/5
   446 | D:1      | Found a faded altar of an unknown god.
  1097 | D:1      | Gained mutation: You are in touch with the powers of death.
                  | [Mummy growth]
  1097 | D:1      | Reached XP level 3. HP: 21/25 MP: 4/7
  1114 | D:1      | Reached skill level 1 in Fighting
  1178 | D:1      | Learned a level 3 spell: Vampiric Draining
  1362 | D:1      | Reached XP level 4. HP: 21/32 MP: 0/8
  1689 | D:2      | Reached skill level 5 in Necromancy
  1883 | D:2      | Learned a level 4 spell: Animate Dead
  1995 | D:2      | Identified the +10 chain mail "Soow" {Dex+3}
  2243 | D:2      | You fall into a shaft and drop 2 floors!
  2304 | D:4      | Found a glowing drain.
  2322 | Sewer    | Entered a sewer
  2325 | Sewer    | Reached XP level 5. HP: 38/38 MP: 6/9
  2478 | Sewer    | Reached skill level 6 in Necromancy
  3766 | D:3      | Reached XP level 6. HP: 45/45 MP: 6/10
  4329 | D:4      | Found a sparkling altar of Nemelex Xobeh.
  4330 | D:4      | Found a transporter.
  4968 | D:5      | Entered Level 5 of the Dungeon
  5529 | D:5      | Reached XP level 7. HP: 50/52 MP: 4/12
  5700 | D:5      | Identified the +1 robe of the Storm King {rCorr Str+6 Int-4
                  | Stlth-}
  6312 | D:5      | Reached skill level 7 in Necromancy
  6318 | D:5      | Noticed a troll
  6605 | D:5      | Slain by an ogre

Illustrated notes

Levels and vault maps discovered:
D:1:      lightli_arrival_farm, layout_basic, hellmonk_ecumenical_altar_run_dry
D:2:      layout_loops_corners, serial_bayou_pond_d, minmay_surrounded
D:3:      layout_basic, minmay_diced_spiral
D:4:      layout_basic, grunt_nemelex_the_gamble, portal_sewer_entry_a
D:5:      layout_loops_ring, serial_demonic, serial_demonic_g, serial_demonic_g,
          serial_demonic_c, serial_demonic_b, minmay_manual_monstrance

Skill      XL: |  1  2  3  4  5  6  7 |
---------------+----------------------+-----
Spellcasting   | 3 4 |  4.2
Fighting       | 1 2 3 4 |  4.1
Stealth        | 2 3 |  3.1
Dodging        | 2 |  2.7
Necromancy     | 5 6 7 |  7.0

Action                   |  1- 3 |  4- 6 |  7- 9 || total
-------------------------+-------+-------+-------++-------
Melee: Mace              |       |    22 |    13 ||    35
       Short sword       |       |     4 |       ||     4
 Fire: Sling             |    34 |    93 |    47 ||   174
Throw: Dart              |     1 |     2 |       ||     3
 Cast: Necrotise         |    43 |   101 |    22 ||   166
       Vampiric Draining |       |     2 |    12 ||    14
 Abil: Evoke Invisibilit |       |       |     1 ||     1
  Use: Scroll            |     1 |     3 |     2 ||     6
Armor: Robe              |     2 |    24 |     5 ||    31
Dodge: Dodged            |    11 |   122 |    77 ||   210
Block: Other             |       |    26 |    25 ||    51
